Map: Fields of Death

Players

Blubbel

  • Race: Terran Terran
  • League: Silver

zod

  • Race: Protoss Protoss
  • League: Silver

LuckyTiger

  • Race: Zerg Zerg
  • League: Silver

snakeAPT

  • Race: Zerg Zerg
  • League: Bronze

VOD

Have the link to the VOD?

Description

Time

  • Played on: Jan. 5, 2016, 12:17 p.m.
  • Length: 13:21
Show
View Real Time Build Order
Export as new Build Order

Blubbel Terran 

Build Orders:  

Get SALT Encoding   

  12  0:01  SCV  
  13  0:13  SCV  
  14  0:24  Supply Depot  
  14  0:29  SCV  
  15  0:41  Refinery  
  15  0:46  SCV  
  15  0:49  Barracks  
  16  0:58  SCV  
  17  1:10  SCV  
  18  1:18  Supply Depot  
  18  1:22  SCV  
  19  1:38  Marine  
  19  1:39  Supply Depot  
  20  2:11  Factory, Marine  
  20  2:12  Command Center  
  21  2:16  SCV  
  22  2:26  Refinery  
  22  2:28  SCV  
  23  2:30  Marine  
  24  2:42  SCV  
  25  2:54  SCV  
  26  3:00  Barracks Reactor  
  26  3:06  SCV, Widow Mine  
  26  3:08  Starport  
  29  3:18  SCV  
  30  3:30  Orbital Command  
  30  3:34  Orbital Command  
  30  3:44  Widow Mine  
  30  3:46  Medivac  
  34  3:55  Barracks  
  34  4:00  SCV  
  35  4:05  SCV  
  36  4:17  SCV  
  36  4:18  Supply Depot  
  36  4:21  Engineering Bay  
  37  4:29  SCV  
  38  4:32  Marine x2  
  38  4:35  Medivac  
  38  4:38  Widow Mine  
  42  4:45  Barracks Tech Lab, Barracks  
  44  4:49  Terran Infantry Weapons Level 1  
  44  4:50  Marine  
  45  4:54  SCV  
  46  5:01  Engineering Bay  
  46  5:02  Marine  
  46  5:06  SCV, Widow Mine  
  41  5:21  Medivac  
  41  5:28  Marine x2  
  44  5:30  Marauder  
  44  5:34  Terran Infantry Armor Level 1  
  44  5:35  Widow Mine  
  47  5:40  Barracks  
  49  5:45  SCV  
  50  5:52  Marauder  
  50  5:56  Barracks Reactor  
  52  5:57  SCV  
  53  6:21  Command Center  
  53  6:25  SCV  
  53  6:30  Factory Tech Lab  
  54  6:41  Starport Reactor  
  53  7:19  Barracks Tech Lab  
  53  7:25  Barracks  
  53  7:27  Siege Tank  
  56  7:35  SCV  
  53  7:47  SCV  
  53  7:51  Marauder x2  
  58  7:54  Concussive Shells  
  58  7:56  Stimpack  
  58  7:59  Siege Tank, Marine x3  
  58  8:00  Marine  
  65  8:12  Marauder x2  
  69  8:17  Marine x4  
  71  8:24  Barracks Reactor  
  71  8:28  Supply Depot  
  71  8:33  Marauder  
  71  8:34  Marauder  
  75  8:35  Marine x2  
  77  8:43  Supply Depot  
  77  8:47  Supply Depot  
  77  8:50  Marine x2  
  77  8:51  Supply Depot  
  77  8:52  Marine  
  77  8:53  Marine  
  77  8:55  Marauder x2  
  80  9:12  Armory  
  80  9:15  Supply Depot  
  80  9:16  Marauder x2  
  84  9:37  Supply Depot  
  85  9:40  Planetary Fortress  
  85  9:44  SCV  
  47  9:57  Marine x4  
  47  9:58  Marine x2  
  47  10:15  Marine x4  
  47  10:16  Supply Depot  
  47  10:18  SCV  
  47  10:19  SCV  
  53  10:31  SCV, Combat Shields  
  53  10:34  Marauder x2  
  58  10:43  SCV  
  59  10:55  SCV, Marauder  
  62  10:58  Barracks x2  
  62  10:59  Marauder  
  62  11:00  Marine  
  62  11:01  Marine x3  
  68  11:07  SCV  
  69  11:17  Marauder  
  71  11:18  Marine x2  
  71  11:19  SCV, Marine x2  
  71  11:20  Marauder  
  78  11:26  Supply Depot  
  78  11:31  SCV  
  78  11:32  Medivac x2  
  83  11:33  Supply Depot  
  83  11:36  Marine x3  
  83  11:37  Marine  
  83  11:38  Marauder  
  89  11:42  Marauder  
  91  11:58  Bunker  
  91  11:59  Marauder  
  93  12:03  Marauder  
  93  12:15  SCV  
  92  12:21  Marauder  
  94  12:24  Marauder  
  94  12:27  SCV  
  97  12:33  Siege Tank  
  97  12:35  Barracks Reactor  
  100  12:39  SCV  
  100  12:40  Bunker  
Show
View Real Time Build Order
Export as new Build Order

zod Protoss 

Build Orders: 1 Gate Expand 

Get SALT Encoding   

  12  0:02  Probe (Chrono Boost)  
  13  0:14  Probe (Chrono Boost)  
  14  0:19  Pylon  
  14  0:25  Probe (Chrono Boost)  
  15  0:37  Probe (Chrono Boost)  
  16  0:43  Gateway  
  16  0:48  Probe (Chrono Boost)  
  17  0:58  Probe (Chrono Boost)  
  17  1:03  Gateway  
  18  1:27  Nexus  
  18  1:31  Assimilator  
  18  1:35  Probe (Chrono Boost)  
  19  1:46  Cybernetics Core  
  19  1:47  Assimilator  
  19  1:48  Probe (Chrono Boost)  
  20  1:55  Zealot  
  22  2:03  Probe (Chrono Boost)  
  23  2:24  Pylon  
  23  2:31  Pylon  
  23  2:39  Sentry, Probe (Chrono Boost)  
  26  2:50  Probe x2 (Chrono Boost)  
  28  2:55  Warp Gate  
  28  3:00  Probe (Chrono Boost)  
  28  3:01  Probe (Chrono Boost)  
  28  3:04  Pylon  
  30  3:07  Adept x2  
  30  3:11  Probe (Chrono Boost)  
  36  3:15  Mothership Core (Chrono Boost)  
  36  3:33  Gateway  
  36  3:34  Adept  
  36  3:35  Adept  
  40  3:44  Probe x2 (Chrono Boost)  
  42  3:50  Assimilator  
  42  3:54  Probe (Chrono Boost)  
  42  3:55  Probe (Chrono Boost), Assimilator  
  44  4:02  Adept  
  46  4:05  Probe x2 (Chrono Boost)  
  46  4:06  Adept  
  50  4:15  Probe (Chrono Boost)  
  51  4:30  Adept x2  
  55  4:33  Adept  
  57  4:49  Stargate  
  57  4:52  Pylon  
  57  4:55  Pylon  
  57  5:01  Probe x2 (Chrono Boost), Forge  
  57  5:05  Pylon  
  59  5:09  Pylon  
  59  5:11  Probe (Chrono Boost), Pylon  
  59  5:12  Pylon  
  58  5:46  Protoss Shields Level 1  
  58  5:49  Void Ray  
  54  5:50  Pylon  
  54  5:56  Stargate  
  58  5:59  Stargate  
  58  6:01  Stargate  
  48  6:19  Protoss Air Weapons Level 1 (Chrono Boost)  
  48  6:23  Probe x2  
  50  6:35  Probe, Zealot x3  
  57  6:51  Void Ray x2  
  65  7:05  Zealot x3  
  65  7:15  Void Ray  
  65  7:16  Void Ray  
  73  7:33  Void Ray  
  77  7:52  Nexus  
  77  7:53  Pylon  
  77  7:55  Void Ray, Pylon  
  77  7:56  Pylon  
  81  7:59  Assimilator  
  81  8:03  Assimilator  
  81  8:05  Protoss Air Armor Level 1 (Chrono Boost)  
  81  8:09  Probe x2  
  83  8:21  Probe  
  83  8:22  Probe  
  85  8:35  Nexus, Void Ray  
  89  8:50  Fleet Beacon  
  89  9:11  Pylon  
  89  9:14  Pylon  
  89  9:18  Void Ray x2  
  48  11:11  Tempest x3  
  48  11:12  Tempest  
  48  11:18  Probe  
  60  11:23  Probe x2  
  63  11:28  Probe  
  63  11:32  Photon Cannon  
  64  11:34  Photon Cannon  
  64  11:35  Probe x2  
  64  11:36  Photon Cannon  
  64  11:39  Probe  
  67  11:47  Probe x2  
  67  11:49  Probe  
  70  11:54  Tempest  
  70  11:59  Probe x2  
  70  12:00  Probe  
  77  12:11  Probe x2  
  79  12:23  Tempest  
  83  12:32  Zealot x3  
Show
View Real Time Build Order
Export as new Build Order

LuckyTiger Zerg 

Build Orders: Hatch First 

Get SALT Encoding   

  12  0:01  Drone  
  13  0:12  Overlord  
  13  0:22  Drone  
  14  0:31  Drone  
  16  0:35  Drone x2  
  17  0:46  Drone  
  18  0:56  Drone  
  19  1:03  Hatchery  
  18  1:08  Drone  
  19  1:17  Overlord  
  19  1:21  Extractor  
  18  1:29  Drone  
  18  1:30  Spawning Pool  
  18  1:39  Drone  
  19  1:51  Drone  
  20  2:00  Drone  
  21  2:15  Drone  
  22  2:16  Queen  
  22  2:18  Queen  
  22  2:20  Zergling x2  
  27  2:24  Zergling x2  
  28  2:34  Drone  
  29  2:37  Drone  
  29  2:42  Zergling x2  
  29  2:44  Overlord  
  31  2:49  Drone  
  32  2:56  Drone  
  33  3:04  Drone  
  34  3:07  Drone  
  35  3:18  Drone  
  36  3:20  Drone x2  
  36  3:24  Lair  
  38  3:31  Roach Warren, Drone, Extractor  
  38  3:32  Drone x2  
  40  3:34  Drone x4  
  43  3:52  Drone  
  43  3:54  Overlord  
  44  4:09  Extractor  
  43  4:10  Drone  
  43  4:11  Drone, Extractor  
  44  4:18  Hatchery, Drone x5  
  44  4:20  Drone x4  
  52  4:25  Evolution Chamber  
  52  4:26  Evolution Chamber  
  52  4:27  Spore Crawler  
  49  4:32  Spore Crawler, Drone  
  49  4:37  Glial Reconstitution  
  49  4:39  Overlord  
  49  4:40  Overlord  
  49  4:52  Drone  
  50  4:55  Zerg Missile Weapons Level 1  
  50  4:57  Zerg Ground Armor Level 1  
  50  4:58  Drone  
  51  5:02  Overlord  
  51  5:03  Roach  
  53  5:08  Drone x2  
  53  5:10  Overlord x2  
  55  5:16  Roach x2  
  55  5:17  Roach  
  61  5:29  Queen  
  61  5:31  Queen  
  61  5:34  Roach x3  
  61  5:35  Roach x3  
  78  5:57  Drone x9  
  78  5:59  Queen  
  88  6:07  Overlord x3, Roach  
  90  6:23  Drone x2  
  90  6:25  Roach x4  
  100  6:31  Roach x3, Extractor  
  100  6:32  Extractor  
  104  6:37  Roach x5  
  114  6:42  Hydralisk Den  
  113  6:51  Ravager x3  
  113  6:52  Ravager x6  
  122  6:56  Overlord x2  
  119  7:08  Overseer x2  
  103  7:42  Drone x6  
  103  7:43  Drone  
  110  7:53  Overseer  
  110  7:56  Hydralisk x3  
  116  8:02  Lurker Den  
  116  8:05  Zerg Ground Armor Level 2, Zerg Melee Weapons Level 1  
  116  8:12  Spore Crawler  
  115  8:32  Hydralisk x4  
  115  8:33  Hydralisk x3  
  129  8:47  Drone x2  
  129  8:48  Drone x2  
  133  8:51  Roach x2  
  137  9:00  Hatchery  
  137  9:01  Hatchery  
  135  9:05  Hatchery  
  134  9:12  Overlord x5  
  134  9:13  Overlord x3  
  134  9:25  Extractor  
  134  9:26  Hatchery  
  134  9:29  Extractor  
  130  9:38  Hydralisk  
  130  9:39  Hydralisk x7  
  144  10:45  Hydralisk x14  
  144  10:49  Queen  
  174  11:13  Hydralisk x2  
  178  11:25  Spire  
  177  11:28  Muscular Augments  
  177  11:30  Infestation Pit  
  176  11:36  Drone x3  
  179  11:42  Hydralisk x3, Roach x5  
  179  11:45  Overlord x2  
  179  11:46  Overlord  
  195  12:08  Drone x4  
Show
View Real Time Build Order
Export as new Build Order

snakeAPT Zerg 

Build Orders: Hatch First 

Get SALT Encoding   

  12  0:05  Drone  
  13  0:11  Drone  
  14  0:16  Overlord  
  14  0:34  Drone  
  14  0:35  Drone  
  16  0:40  Drone  
  17  0:49  Drone  
  18  1:01  Drone  
  19  1:10  Drone  
  20  1:15  Hatchery  
  19  1:20  Spawning Pool  
  19  1:22  Extractor  
  19  1:23  Drone  
  19  1:24  Extractor  
  17  1:32  Drone  
  18  1:44  Drone  
  19  1:56  Drone  
  20  2:04  Drone  
  21  2:15  Overlord  
  21  2:20  Metabolic Boost  
  21  2:25  Drone  
  21  2:26  Queen  
  24  2:32  Drone  
  24  2:36  Queen  
  25  2:39  Drone x2  
  29  2:47  Spore Crawler  
  29  2:50  Drone x2  
  30  2:57  Drone  
  31  3:02  Drone  
  32  3:12  Zergling x4  
  34  3:21  Drone x2  
  34  3:26  Spore Crawler  
  35  3:31  Zergling x2  
  36  3:44  Overlord x2  
  36  3:55  Hatchery, Drone  
  37  4:02  Drone  
  37  4:03  Drone x5  
  42  4:12  Drone  
  42  4:16  Drone  
  44  4:20  Lair  
  44  4:28  Zergling x2  
  44  4:29  Zergling x12  
  51  4:37  Drone  
  52  4:38  Overlord  
  52  4:47  Extractor  
  52  4:49  Extractor  
  52  4:51  Zergling x4  
  52  5:06  Drone  
  52  5:07  Drone x5  
  58  5:08  Queen  
  58  5:10  Drone  
  58  5:11  Drone x2  
  63  5:18  Overlord  
  63  5:26  Zergling x4  
  62  6:01  Infestation Pit  
  60  6:08  Spire  
  58  6:12  Zergling x20  
  68  6:20  Drone  
  69  6:28  Drone x4  
  69  6:31  Overlord x4  
  73  6:46  Hive  
  73  6:53  Hatchery  
  72  6:55  Baneling Nest  
  72  6:56  Zergling x2  
  72  6:57  Zergling x16  
  77  7:19  Zergling x16  
  77  7:20  Zergling x4  
  87  7:35  Zergling x2  
  87  7:36  Zergling x8  
  92  7:44  Overlord x2  
  92  8:04  Zergling x14  
  92  8:05  Zergling x10  
  104  8:08  Centrifical Hooks  
  104  8:26  Drone x8  
  112  8:28  Overlord  
  112  8:41  Ultralisk Cavern  
  111  8:51  Zergling x2  
  111  8:52  Zergling x16  
  111  8:55  Evolution Chamber  
  119  8:56  Evolution Chamber  
  119  8:59  Evolution Chamber  
  104  9:12  Zergling x6  
  104  9:13  Zergling x8  
  104  9:15  Baneling x6  
  104  9:16  Baneling x22  
  104  9:17  Baneling x4  
  111  9:19  Zergling x2  
  111  9:20  Zergling x4  
  111  9:23  Baneling  
  111  9:24  Baneling x10  
  114  9:27  Drone x2  
  114  9:28  Drone  
  80  9:58  Zergling x2  
  80  9:59  Zergling x20  
  77  10:00  Zergling x2  
  74  10:17  Chitinous Plating  
  73  10:32  Zergling x8  
  73  10:33  Zergling x16  
  80  10:44  Zergling x2  
  80  10:45  Zergling x6  
  84  11:02  Zergling x2  
  84  11:03  Zergling x6  
  87  11:10  Zergling x4  
  87  11:11  Zergling x4  
  88  11:24  Extractor  
  87  11:26  Extractor  
  87  11:31  Extractor  
  87  11:32  Zergling x4  
  87  11:33  Zergling x12  
  87  11:38  Ultralisk  
  87  11:39  Ultralisk  
  92  12:06  Zergling x16  
  92  12:07  Zergling x4  
  79  12:17  Baneling  
  79  12:18  Baneling x6  
  79  12:19  Baneling x3  
  79  12:40  Corruptor  
  79  12:42  Zergling x8  
  79  12:43  Zergling x14  
  85  12:57  Zergling x4  
  85  12:58  Zergling x4  
Tags
 
Add a new tag
Caveats
  • Supply blocks, unpowered buildings, or Contaminate may cause inaccurate times.
  • Supply counts are checked every 10 seconds.